 Dungeon Crawl Stone Soup version 0.31.0-12-g77e489cdc1 (webtiles) character file.

Game seed: 16941072644172376044

44760 Justthedoctor22 the Carver (level 13, -13/139 HPs)
             Began as a Demonspawn Gladiator on Mar 4, 2024.
             Was a High Priest of Hepliaklqana.
             Mangled by a dire elephant (18 damage)
             ... on level 1 of the Vaults on Mar 5, 2024.
             The game lasted 02:48:11 (17057 turns).

Justthedoctor22 the Carver (Demonspawn Gladiator)  Turns: 17057, Time: 02:48:14

Health: -13/139    AC: 26    Str: 21    XL:     13   Next: 98%
Magic:  12/12      EV:  2    Int:  8    God:    Hepliaklqana [*****.]
Gold:   1896       SH: 14    Dex: 16    Spells: 12/12 levels left

rFire   . . .        B - +4 scimitar (flame)
rCold   . . .        u - +0 tower shield
rNeg    . . .        G - melded +5 crystal plate armour {rC+}
rPois   +            c - melded +1 helmet
rElec   .            h - melded +1 cloak
rCorr   .            F - melded +1 pair of gloves {Stlth+}
SInv    .            (boots currently unavailable)
Will    .....        a - amulet of the acrobat
Stlth   ++++         v - ring of flight
HPRegen 1.43/turn    l - ring of poison resistance
MPRegen 0.13/turn

%: acrobat
@: tree-form, studying Dodging
A: stationary, stasis, torment immunity, boosted hp, reduced essence, (molten
scales 2), demonic guardian 2, powered by death 2, corrupting presence 1,
(weakness stinger 2), low MP 1, passive freeze, strong 1, MP-powered wands
a: Renounce Religion, Recall Ancestor, Ancestor Identity, Transference, Idealise


You were on level 1 of the Vaults.
You worshipped Hepliaklqana.
Hepliaklqana was extremely pleased with you.
You were a tree.
You visited 3 branches of the dungeon, and saw 15 of its levels.
You also visited: Sewer, Bailey and Ice Cave.

You collected 1896 gold pieces.

Inventory:

Hand Weapons
 j - a +0 antimagic long sword
 B - a +4 scimitar of flaming (weapon)
Missiles
 e - 6 javelins
 f - 75 poisoned darts
 g - 9 datura-tipped darts
 r - 4 throwing nets (quivered)
Armour
 c - a +1 helmet (melded)
 h - a +1 cloak (melded)
 u - a +0 tower shield (worn)
 F - a +1 pair of gloves of stealth (melded)
 G - a +5 crystal plate armour of cold resistance (melded)
Jewellery
 a - an amulet of the acrobat (around neck)
 l - a ring of poison resistance (right branch)
 v - a ring of flight (left branch)
Wands
 d - a wand of polymorph (4)
 w - a wand of mindburst (5)
 y - a wand of iceblast (1)
 E - a wand of flame (15)
Scrolls
 k - a scroll of poison
 n - 4 scrolls of identify
 p - 3 scrolls of revelation
 s - 3 scrolls of fog
 t - 2 scrolls of immolation
Potions
 b - a potion of berserk rage
 i - a potion of attraction
 m - 3 potions of mutation
 o - a potion of brilliance
 x - a potion of lignification
 z - a potion of haste
 C - a potion of cancellation
Miscellaneous
 D - a phial of floods


   Skills:
 + Level 10.6 Fighting
 + Level 14.5 Long Blades
 + Level 2.4 Throwing
 + Level 10.6 Armour
 * Level 7.4 Dodging
 + Level 7.3 Stealth
 * Level 4.3 Shields
 + Level 0.9 Invocations
 + Level 2.1 Evocations
 + Level 0.3 Shapeshifting


You had 12 spell levels left.
You didn't know any spells.
Your spell library contained the following spells:

 Spells                   Type           Power      Damage    Failure   Level
 Necrotise                Necr           0%         1d4       96%         1
 Ensorcelled Hibernation  Hex/Ice        0%         N/A       99%         2
 Dazzling Flash           Conj/Hex       0%         N/A       100%        3
 Fugue of the Fallen      Necr           0%         N/A       100%        3
 Hailstorm                Conj/Ice       0%         3d5       100%        3
 Passwall                 Erth           0%         N/A       100%        3
 Summon Ice Beast         Ice/Summ       0%         N/A       100%        3
 Swiftness                Air            0%         N/A       100%        3
 Vampiric Draining        Necr           0%         2d6       100%        3
 Volatile Blastmotes      Fire/Tloc      0%         2d10      100%        3
 Anguish                  Hex/Necr       0%         N/A       100%        4
 Martyr's Knell           Necr/Summ      0%         N/A       100%        4
 Curse of Agony           Necr           0%         N/A       100%        5
 Sculpt Simulacrum        Ice/Alch       0%         N/A       100%        6
 Starburst                Conj/Fire      0%         6d3       100%        6
 Maxwell's Capacitive Co  Air            0%         ∞         100%        8


Dungeon Overview and Level Annotations

Branches:
Dungeon (13/15)            Temple (1/1) D:6            Lair (0/5) D:9
    Orc (0/2) D:10         Vaults (1/5) D:13          Sewer (visited)
 Bailey (visited)           IceCv (visited)

Altars:
Ashenzari
Cheibriados
Dithmenos
Fedhas
Gozag
Hepliaklqana
Kikubaaqudgha
Makhleb
Nemelex Xobeh
Okawaru
Qazlal
Ru
Sif Muna
Trog
Uskayaw
Vehumet
Wu Jian
Xom
Yredelemnul

Shops:
D:12 (   D:13 (

Annotations:
D:11 1 transporter
D:12 1 runed translucent door


Innate Abilities, Weirdness & Mutations

You are a tree.
Your roots penetrate the ground, keeping you stationary.
You cannot be teleported.
You are immune to unholy pain and torment.
Your maximum health is greatly increased.
Your equipment is partially melded.
Your life essence is reduced to manifest your ancestor. (-10% HP)
((You are mostly covered in molten scales. (AC +3)))
A demonic guardian rushes to your aid.
You regenerate health from kills.
Your presence sometimes corrodes those you injure.
((You have a tail ending in a sharp stinger.))
Your magical capacity is low. (-10% MP)
A frigid envelope surrounds you and freezes all who hurt you.
Your muscles are strong. (Str +4, Int/Dex -1)
You expend magic power (3 MP) to strengthen your wands.


Message History

The dire elephant trunk-slaps you but does no damage.
The dire elephant is very cold.
The dire elephant is heavily wounded.
You block the dire elephant's attack.
The dire elephant trunk-slaps you but does no damage.
The dire elephant is very cold.
The dire elephant is moderately wounded.
You slash the dire elephant! You burn the dire elephant.
The dire elephant is heavily wounded.
You block the dire elephant's attack. x2
Your sixfirhy hits the dire elephant but does no damage.
The dire elephant tramples you!
* * * LOW HITPOINT WARNING * * *
The dire elephant is very cold.
The dire elephant is moderately wounded.
The dire elephant trunk-slaps you but does no damage.
The dire elephant is very cold.
The dire elephant is moderately wounded.
You hit the dire elephant. You burn the dire elephant.
Your corrupting presence corrodes the dire elephant!
The dire elephant is severely wounded.
Your sixfirhy barely misses the dire elephant.
Your sixfirhy hits the dire elephant.
Your sixfirhy shocks the dire elephant!
Your sixfirhy hits the dire elephant.
Your sixfirhy shocks the dire elephant!
The dire elephant tramples you.
* * * LOW HITPOINT WARNING * * *
The dire elephant is very cold.
The dire elephant is almost dead.
The dire elephant barely misses you.
Your sixfirhy hits the dire elephant.
Your sixfirhy shocks the dire elephant!
You block the dire elephant's attack.
The dire elephant trunk-slaps you but does no damage.
The dire elephant is very cold.
The dire elephant is moderately wounded.
You slash the dire elephant! You burn the dire elephant.
You kill the dire elephant!
Your sixfirhy barely misses the dire elephant.
Your sixfirhy hits the dire elephant but does no damage.
Your sixfirhy completely misses the dire elephant.
The dire elephant tramples you!!
You die...

#+### ..... # .... #. #..#
#. #..# #.. #..+ .#
#..#+##..####..# #......#
#...3Y.........# #......#
#...♣..........# #......#
#..#+##..####..# #......#
#. #..+ ####......# #. #..#
..........# #..####..####..
..........# #..............
..........# #..............
..........#######+#'##+##+#
...........................


You could see a dire elephant (drained, ally target) and a friendly sixfirhy
(summoned).

Vanquished Creatures
  A formless jellyfish (Vaults:1)
  6 dire elephants (Vaults:1)
  8 centaur warriors
  A two-headed ogre (D:9)
  The ghost of jimmypageman the Severer, a novice MiFi (D:9)
  A boulder beetle (D:12)
  4 skeletal warriors (D:12)
  An orc knight (D:12)
  2 lindwurms (Vaults:1)
  A deep elf zephyrmancer (D:12)
  5 deep elf pyromancers (D:12)
  A cyclops (D:10)
  An ugly thing (D:12)
  3 manticores
  A gargoyle (D:12)
  3 unseen horrors
  A kobold demonologist (D:12)
  Jeremiah (D:6)
  An efreet (D:13)
  A freezing wraith (D:12)
  An ice devil (D:13)
  2 trolls (D:12)
  A hornet (D:6)
  8 slime creatures
  A shadow (D:10)
  A wyvern (D:9)
  A wraith (D:13)
  10 yaks
  A vampire (D:12)
  Eustachio (D:6)
  13 vampire mosquitoes
  2 steam dragons (D:9)
  A water moccasin (D:7)
  10 orc warriors
  An ice beast (D:4)
  2 laughing skulls (D:12)
  A sky beast (D:7)
  A boggart (D:12)
  A wolf (D:9)
  3 ogres
  4 phantoms
  12 kobold brigands
  3 bullfrogs
  A gnoll sergeant (D:6)
  11 killer bees
  2 lindwurm simulacra (IceCv)
  A bombardier beetle (D:6)
  A komodo dragon simulacrum (IceCv)
  A jelly (D:4)
  2 gnoll boudas
  5 orc priests
  5 hounds
  An iguana (D:6)
  2 sleepcaps
  Natasha (thrice) (D:2)
  3 orc wizards
  An acid dragon simulacrum (IceCv)
  13 gnolls
  11 adders
  4 river rats (Sewer)
  A shadow imp (D:6)
  A steam dragon simulacrum (IceCv)
  3 dart slugs
  2 ribbon worms
  24 orcs
  8 ball pythons
  9 endoplasms
  5 giant cockroaches
  8 goblins
  3 hobgoblins
  7 jackals
  28 kobolds
  5 quokkas
  6 bats
  6 frilled lizards
  43 rats
351 creatures vanquished.

Vanquished Creatures (collateral kills)
  An ironbound thunderhulk (Vaults:1)
  Harold (D:11)
  2 centaur warriors (Vaults:1)
  An ironbound frostheart (Vaults:1)
  A boulder beetle (D:12)
  A two-headed ogre (D:12)
  A glowing orange brain (D:13)
  2 slime creatures
  An orc knight (D:12)
  A lindwurm (Vaults:1)
  2 cyclopes (D:12)
  Maurice (D:7)
  A manticore (D:12)
  2 ugly things
  An ice statue (IceCv)
  Joseph (D:9)
  A rime drake (IceCv)
  A komodo dragon (D:13)
  An ice devil (D:13)
  An efreet (D:12)
  A troll (D:10)
  Grinder (D:5)
  A wraith (D:13)
  4 yaks (D:11)
  A basilisk (D:9)
  4 vampire mosquitoes
  2 ice beasts
  2 orc warriors (D:10)
  A sky beast (D:6)
  A wolf (D:9)
  2 kobold brigands
  3 wights (D:9)
  A hexer (D:13)
  3 killer bees
  A lindwurm simulacrum (IceCv)
  A bombardier beetle (D:4)
  A komodo dragon simulacrum (IceCv)
  3 orc priests
  A jelly (D:5)
  A gnoll bouda (D:9)
  An iguana (D:5)
  3 orc wizards
  2 gnolls
  An acid dragon simulacrum (IceCv)
  4 steam dragon simulacra (IceCv)
  4 orcs
  13 kobolds
87 creatures vanquished.

Vanquished Creatures (others)
  A vault guard (D:13)
  An ironbound convoker (Vaults:1)
  A rime drake (IceCv)
  A vampire mosquito (D:12)
  10 hexers
14 creatures vanquished.

Grand Total: 452 creatures vanquished

Notes
Turn   | Place    | Note
-------+----------+-------------------------------------------
     0 | D:1      | Justthedoctor22 the Demonspawn Gladiator began the quest
                  | for the Orb.
     0 | D:1      | Reached XP level 1. HP: 16/16 MP: 1/1
    44 | D:1      | Found a faded altar of an unknown god.
   355 | D:1      | Reached skill level 3 in Long Blades
   355 | D:1      | Gained mutation: You are partially covered in molten
                  | scales. (AC +2) [demonic ancestry]
   355 | D:1      | Reached XP level 2. HP: 22/22 MP: 2/2
  1081 | D:1      | Reached XP level 3. HP: 28/28 MP: 3/3
  1270 | D:2      | Reached skill level 1 in Armour
  1630 | D:2      | Noticed Natasha
  1642 | D:2      | Killed Natasha
  1643 | D:2      | Gained mutation: You regenerate a little health from kills.
                  | [demonic ancestry]
  1643 | D:2      | Reached XP level 4. HP: 33/34 MP: 4/4
  1976 | D:2      | Found a hazy altar of Hepliaklqana.
  1984 | D:2      | Became a worshipper of Hepliaklqana the Forgotten
  2037 | D:2      | Noticed Natasha
  2047 | D:2      | Killed Natasha
  2068 | D:2      | Noticed Natasha
  2076 | D:2      | Killed Natasha
  2077 | D:2      | Gained mutation: You are mostly covered in molten scales.
                  | (AC +3) [demonic ancestry]
  2077 | D:2      | Reached XP level 5. HP: 35/39 MP: 5/5
  2130 | D:3      | Reached skill level 4 in Long Blades
  2436 | D:3      | Found a glowing drain.
  2443 | Sewer    | Entered a sewer
  3300 | D:3      | Gained mutation: You have a small tail. [demonic ancestry]
  3300 | D:3      | Reached XP level 6. HP: 46/46 MP: 6/6
  5023 | D:4      | Reached skill level 5 in Long Blades
  5077 | D:4      | Noticed an ice beast
  5086 | D:4      | Killed an ice beast
  5183 | D:4      | Gained mutation: You have a tail ending in a sharp stinger.
                  | [demonic ancestry]
  5183 | D:4      | Reached XP level 7. HP: 52/52 MP: 7/7
  5278 | D:4      | Found a shadowy altar of Dithmenos.
  5296 | D:4      | Reached * piety under Hepliaklqana
  5712 | D:4      | Gained mutation: A frigid envelope surrounds you and
                  | freezes all who hurt you. [potion of mutation]
  5712 | D:4      | Gained mutation: Your magical capacity is low. (-10% MP)
                  | [potion of mutation]
  5712 | D:4      | Gained mutation: Your muscles are strong. (Str +4, Int/Dex
                  | -1) [potion of mutation]
  5712 | D:4      | Gained mutation: You expend magic power (3 MP) to
                  | strengthen your wands. [potion of mutation]
  5984 | D:5      | Entered Level 5 of the Dungeon
  6122 | D:5      | Reached skill level 6 in Long Blades
  6527 | D:5      | Reached ** piety under Hepliaklqana
  6530 | D:5      | Noticed Grinder
  6545 | D:5      | Killed Grinder
  6546 | D:5      | Reached skill level 7 in Long Blades
  6546 | D:5      | Reached XP level 8. HP: 54/54 MP: 7/7
  6667 | D:6      | Remembered your ancestor charly as a hexer
  6868 | D:6      | Noticed a hornet
  6877 | D:6      | Killed a hornet
  6880 | D:6      | Reached skill level 8 in Long Blades
  6909 | D:6      | Noticed Eustachio
  6929 | D:6      | Killed Eustachio
  6941 | D:6      | Noticed Jeremiah
  6957 | D:6      | Killed Jeremiah
  6958 | D:6      | Reached skill level 1 in Stealth
  6958 | D:6      | Reached XP level 9. HP: 11/60 MP: 8/8
  7399 | D:6      | Reached skill level 9 in Long Blades
  7845 | D:6      | Found a staircase to the Ecumenical Temple.
  7848 | D:6      | Reached skill level 5 in Fighting
  7856 | Temple   | Entered the Ecumenical Temple
  8282 | D:7      | Noticed Maurice
  8287 | D:7      | Something stole 8 poisoned darts
  8296 | D:7      | Killed Maurice
  8297 | D:7      | Reached skill level 5 in Armour
  8437 | D:7      | Reached *** piety under Hepliaklqana
  8452 | D:7      | Found a snail-covered altar of Cheibriados.
  8638 | D:7      | Reached skill level 10 in Long Blades
  8687 | D:7      | Identified the beast talisman "Wifuph" {Fly rC- rCorr
                  | Dex+4}
  8765 | D:7      | Found a shimmering altar of Xom.
  8820 | D:8      | Reached skill level 1 in Evocations
  9038 | D:8      | Gained mutation: A weak demonic guardian rushes to your
                  | aid. [demonic ancestry]
  9038 | D:8      | Reached XP level 10. HP: 52/68 MP: 9/9
  9408 | D:8      | Identified the +0 pair of gloves of the Moon {Str+3}
  9468 | D:9      | Found a flagged portal.
  9472 | D:9      | Noticed a two-headed ogre
  9479 | D:9      | Killed a two-headed ogre
  9568 | D:9      | Found a blossoming altar of Fedhas.
  9570 | Bailey   | Entered a bailey
  9653 | Bailey   | Identified the +9 sling "Rocesey" {drain, Str+5}
  9658 | Bailey   | Found a burning altar of Makhleb.
  9798 | Bailey   | Identified the +0 leather armour of Quomi {rC+}
  9872 | D:9      | Noticed Joseph
  9879 | D:9      | Found a staircase to the Lair.
  9881 | D:9      | Killed Joseph
  9886 | D:9      | Reached skill level 11 in Long Blades
 10074 | D:9      | Found a runed translucent door.
 10078 | D:9      | Noticed jimmypageman's ghost (novice MiFi)
 10187 | D:9      | Found a bloodstained altar of Trog.
 10362 | D:9      | Killed jimmypageman's ghost
 10363 | D:9      | Gained mutation: A demonic guardian rushes to your aid.
                  | [demonic ancestry]
 10363 | D:9      | Reached XP level 11. HP: 67/74 MP: 9/9
 10395 | D:9      | Found a shimmering blue altar of Sif Muna.
 10529 | D:10     | Entered Level 10 of the Dungeon
 10575 | D:10     | Found a staircase to the Orcish Mines.
 10612 | D:10     | Reached skill level 12 in Long Blades
 11416 | D:10     | Reached **** piety under Hepliaklqana
 12109 | D:11     | Found a transporter.
 12144 | D:11     | Found a transporter.
 12197 | D:11     | Noticed Harold
 12213 | D:11     | Killed Harold
 12499 | D:12     | Found a shimmering blue altar of Sif Muna.
 12567 | D:12     | Noticed a skeletal warrior
 12567 | D:12     | Noticed a skeletal warrior
 12568 | D:12     | Noticed a skeletal warrior
 12569 | D:12     | Noticed a skeletal warrior
 12585 | D:12     | Killed a skeletal warrior
 12602 | D:12     | Killed a skeletal warrior
 12603 | D:12     | Reached skill level 13 in Long Blades
 12608 | D:12     | Killed a skeletal warrior
 12609 | D:12     | Gained mutation: You regenerate health from kills. [demonic
                  | ancestry]
 12609 | D:12     | Reached XP level 12. HP: 14/84 MP: 0/10
 12627 | D:12     | Noticed a two-headed ogre
 12676 | D:12     | Reached skill level 5 in Dodging
 12979 | D:12     | Found Bauqut's Antique Weapon Boutique.
 13113 | D:12     | Killed a two-headed ogre
 13217 | D:12     | Noticed a boulder beetle
 13247 | D:12     | Killed a boulder beetle
 13370 | D:12     | Found a runed translucent door.
 13373 | D:12     | Found a runed translucent door.
 13374 | D:12     | Noticed a boulder beetle
 13405 | D:12     | Killed a boulder beetle
 13406 | D:12     | Reached skill level 5 in Stealth
 13872 | D:12     | Noticed a centaur warrior
 13890 | D:12     | Killed a centaur warrior
 13892 | D:12     | Reached skill level 14 in Long Blades
 14488 | D:13     | Found a frozen archway.
 14499 | D:13     | Gained mutation: Your presence sometimes corrodes those you
                  | injure. [demonic ancestry]
 14499 | D:13     | Reached XP level 13. HP: 47/90 MP: 3/11
 14571 | IceCv    | Entered an ice cave
 15184 | D:13     | Found a sparkling altar of Nemelex Xobeh.
 15407 | D:13     | Found Barhump's Antique Weapon Shoppe.
 15427 | D:13     | Reached ***** piety under Hepliaklqana
 15518 | D:13     | Reached skill level 10 in Armour
 15597 | D:13     | Found a gate to the Vaults.
 15629 | D:13     | Reached skill level 10 in Fighting
 16093 | Vaults:1 | Entered Level 1 of the Vaults
 16102 | Vaults:1 | HP: 2/92 [centaur warrior/arrow (5)]
 16106 | Vaults:1 | Reached skill level 1 in Shields
 16430 | Vaults:1 | Noticed a formless jellyfish
 16438 | Vaults:1 | Killed a formless jellyfish
 16539 | Vaults:1 | Noticed a dire elephant
 16539 | Vaults:1 | Noticed a dire elephant
 16539 | Vaults:1 | Noticed a dire elephant
 16539 | Vaults:1 | Noticed a dire elephant
 16556 | Vaults:1 | Killed a dire elephant
 16566 | Vaults:1 | Killed a dire elephant
 16568 | Vaults:1 | Killed a dire elephant
 16570 | Vaults:1 | Killed a dire elephant
 16757 | Vaults:1 | Noticed an ironbound thunderhulk
 16766 | Vaults:1 | Killed an ironbound thunderhulk
 17039 | Vaults:1 | Noticed a dire elephant
 17039 | Vaults:1 | Noticed a dire elephant
 17040 | Vaults:1 | Noticed a dire elephant
 17050 | Vaults:1 | Killed a dire elephant
 17056 | Vaults:1 | HP: 3/139 [dire elephant (4)]
 17057 | Vaults:1 | Killed a dire elephant
 17057 | Vaults:1 | Mangled by a dire elephant

Illustrated notes

Levels and vault maps discovered:
D:1:      shiori_arrival_oz, layout_loops_corners,
          shapermc_ecumenical_altar_venn
D:2:      layout_loops_ring, basic_altar, hangedman_decor_push,
          kennysheep_small_spiral, minmay_goblin_outpost, uniq_natasha
D:3:      layout_loops_ring, mainiacjoe_sewer_entry_somewhere_in_here_2,
          minmay_rat_hole
D:4:      layout_loops_corners, grunt_dithmenos_smoke,
          chequers_serial_rivers_micro_a
D:5:      layout_basic, hangedman_abyss_or_decor_stabs, uniq_grinder
D:6:      layout_loops_cross, minmay_temple_entry_fiery, kennysheep_nub,
          uniq_eustachio, uniq_jeremiah
D:7:      layout_cave_pools, mainiacjoe_overflow_paths,
          mainiacjoe_overflow_surrounded_room, uniq_maurice
D:8:      black_bear_nest_1, layout_basic, minmay_misc_feat_doors
D:9:      layout_cave_pools, kennysheep_mini_moat,
          mainiacjoe_overflow_boulevard, old_standard_altar,
          erik_lair_orcish_takeover, enter_bailey_2, ebering_ghost_inner_flame,
          amcnicky_mini_corridor_feature, uniq_joseph
D:10:     layout_small_grid, erik_orc_3, serial_park_tiny_1
D:11:     layout_big_octagon, serial_glass, glass_columns_a, glass_columns_b,
          glass_columns_c, glass_columns_b, glass_columns_a, glass_columns_a,
          nicolae_diode_stairs, uniq_harold
D:12:     minmay_the_grid_triangle_9x9_line_8_mashed
          [minmay_the_grid_triangle_9x9_sprig,
          minmay_the_grid_triangle_9x9_cache,
          minmay_the_grid_triangle_9x9_corrupted_corridor,
          minmay_the_grid_triangle_9x9_descending_squares,
          minmay_the_grid_triangle_9x9_tough_junction,
          minmay_the_grid_triangle_9x9_wacky_v,
          minmay_the_grid_triangle_9x9_sparse_checkered,
          minmay_the_grid_triangle_9x9_prize_top_heavy], layout_rooms,
          nicolae_stop_n_shop_1, nicolae_sif_muna_condensation
D:13:     layout_small_grid, hellmonk_vaults_order_and_chaos, serial_shops,
          shop, portal_ice_cave_demonic_guard, nemelex_xobeh_ov_fountains_minmay
Temple:   eino_temple_rhombus
Vaults:1: biasface_ghost_orc_armoury, nicolae_vaults_octothorpe,
          nicolae_vaults_tetromino_T_2, nicolae_vaults_puzzle_piece,
          nicolae_vaults_wrenched, nicolae_vaults_shelves_hall, v_misc_33,
          v_misc_3, vaults_dpeg_ring, nicolae_vaults_theta,
          nicolae_vaults_murder_corner, vaults_room_pool,
          nicolae_vaults_tetromino_T_2, layout_vaults_omnigrid

Skill      XL: |  1  2  3  4  5  6  7  8  9 10 11 12 13 |
---------------+----------------------------------------+-----
Long Blades    | 3 4 5 7 8 10 11 13 14 | 14.5
Dodging        | 3 4 5 7 |  7.4
Armour         | 1 2 3 4 5 7 8 9 10 | 10.6
Fighting       | 3 4 5 6 8 9 10 | 10.6
Throwing       | 2 |  2.4
Stealth        | 1 2 4 6 7 |  7.3
Evocations     | 1 2 |  2.1
Shields        | 4 |  4.3
Invocations    | |  0.9
Shapeshifting  | |  0.3

Action                     |  1- 3 |  4- 6 |  7- 9 | 10-12 | 13-15 || total
---------------------------+-------+-------+-------+-------+-------++-------
  Melee: Long sword        |   122 |   208 |       |   140 |   123 ||   593
         Punch             |     1 |     6 |       |     1 |       ||     8
         Great sword       |       |   121 |   158 |   244 |       ||   523
         Tailslap          |       |    12 |    19 |    67 |    51 ||   149
         Scimitar          |       |       |       |       |    94 ||    94
  Throw: Throwing net      |       |       |     6 |     1 |       ||     7
 Invoke: Ancestor Identity |       |       |     1 |       |     1 ||     2
         Ancestor Life: He |       |       |     1 |       |       ||     1
         Idealise          |       |       |       |       |     1 ||     1
  Evoke: Wand              |       |       |     1 |     5 |     1 ||     7
         Phial of floods   |       |       |       |       |     1 ||     1
    Use: Potion            |     2 |     7 |     4 |     7 |     3 ||    23
         Scroll            |     2 |     5 |     5 |    14 |     5 ||    31
   Stab: Sleeping          |     1 |       |       |       |       ||     1
         Confused          |       |       |     3 |    12 |     5 ||    20
         Distracted        |       |       |     1 |    12 |     3 ||    16
         Invisible         |       |       |       |       |     2 ||     2
 Armour: Leather armour    |    10 |       |       |       |       ||    10
         Ring mail         |    81 |    13 |       |       |       ||    94
         Chain mail        |       |   423 |   126 |   381 |    19 ||   949
         Crystal plate arm |       |       |       |       |   235 ||   235
         Skin              |       |       |       |       |     7 ||     7
  Dodge: Dodged            |    83 |   244 |    98 |   253 |    89 ||   767
  Block: Tower shield      |       |       |       |       |   108 ||   108
         Form:             |       |     1 |       |     2 |       ||     3
         Blade             |       |     1 |       |       |       ||     1
         Beast             |       |       |     1 |     1 |       ||     2
